 Dungeon Crawl Stone Soup version 0.29.1-1-gd02db6906a (webtiles) character file.

Game seed: 10777017502149868762

785 RogueRain17 the Chopper (level 7, -13/50 HPs)
             Began as a Demonspawn Gladiator on Sept 20, 2022.
             Was an Initiate of Makhleb.
             Mangled by a boulder beetle (46 damage)
             ... on level 6 of the Dungeon.
             The game lasted 00:08:49 (4480 turns).

RogueRain17 the Chopper (Demonspawn Gladiator)      Turns: 4480, Time: 00:08:49

Health: -13/50     AC:  5    Str: 16    XL:     7   Next: 56%
Magic:  7/7        EV: 13    Int: 10    God:    Makhleb [......]
Gold:   260        SH:  0    Dex: 14    Spells: 6/6 levels left

rFire   . . .      SeeInvis .   a - +0 war axe
rCold   . . .      Faith    .   (no shield)
rNeg    . . .      Spirit   .   b - +0 leather armour
rPois   .          Reflect  .   (helmet restricted)
rElec   .          Harm     .   p - +0 cloak
rCorr   .          Rampage  .   j - +0 pair of gloves
Will    .....                   (no boots)
Stlth   +.........              (no amulet)
HPRegen 0.16/turn               (no ring)
MPRegen 0.10/turn               (no ring)

@: no status effects
A: antennae 1, ignite blood 1, spiny 1
a: Renounce Religion


You were on level 6 of the Dungeon.
You worshipped Makhleb.
Makhleb was noncommittal.
You visited 2 branches of the dungeon, and saw 8 of its levels.

You collected 260 gold pieces.

Inventory:

Hand Weapons
 a - a +0 war axe (weapon)
Missiles
 d - 3 throwing nets (quivered)
 e - 4 javelins
Armour
 b - a +0 leather armour (worn)
 c - a +0 helmet
 h - an orb of energy
 j - a +0 pair of gloves (worn)
 p - a +0 cloak (worn)
Jewellery
 t - a +6 ring of intelligence
Wands
 s - a wand of quicksilver (4)
Scrolls
 g - 3 scrolls of identify {unknown}
 k - a scroll of teleportation {unknown}
 l - a scroll of silence {unknown}
 m - a scroll of torment {unknown}
 n - a scroll of noise {unknown}
 o - a scroll of enchant weapon {unknown}
 q - a scroll of fear {unknown}
 r - a scroll of acquirement {unknown}
 u - a scroll of poison {unknown}
 v - a scroll of vulnerability {unknown}
Potions
 f - a potion of flight {unknown}
 i - a potion of haste {unknown}


   Skills:
 - Level 2.0 Fighting
 * Level 7.1 Axes
 - Level 1.7 Throwing
 - Level 5.0 Dodging


You had 6 spell levels left.
You didn't know any spells.
Your spell library contained the following spells:

 Spells                   Type           Power      Damage    Failure   Level
 Magic Dart               Conj           0%         1d3       43%         1
 Searing Ray              Conj           0%         2d4       56%         2
 Dazzling Flash           Conj/Hex       0%         N/A       80%         3
 Fulminant Prism          Conj/Hex       0%         3d6       99%         4
 Agony                    Necr           0%         N/A       100%        5
 Silence                  Hex/Air        0%         N/A       100%        5


Dungeon Overview and Level Annotations

Branches:
Dungeon (8/15)             Temple (1/1) D:7
   Lair: D:8-11

Altars:
Ashenzari
Cheibriados
Dithmenos
Gozag
Hepliaklqana
Kikubaaqudgha
Makhleb
Okawaru
Qazlal
Trog
Vehumet
Xom
Yredelemnul

Annotations:
D:8 Maggie


Innate Abilities, Weirdness & Mutations

You have a pair of small antennae on your head.
Your demonic aura sometimes causes spilled blood to erupt in flames.
You are partially covered in sharp spines.


Message History

v - a scroll labelled PEASTI IXASTRIL An ufetubus comes into view.
Found a stone staircase leading down.
The ufetubus shouts!
An ufetubus is nearby!
You slash the ufetubus!
The ufetubus is almost dead.
The ufetubus is struck by your spines.
You kill the ufetubus!
Makhleb accepts your kill.
No target in view!
Found a potion of attraction.
You now have 255 gold pieces (gained 18).
You now have 260 gold pieces (gained 5).
Found a spear.
An iguana comes into view.
The iguana hisses angrily.
The iguana is struck by your spines. The iguana bites you!
You closely miss the iguana.
The iguana is lightly wounded.
The iguana is struck by your spines. The iguana bites you!
You barely miss the iguana.
The iguana is moderately wounded.
The iguana closely misses you.
You closely miss the iguana.
The iguana is moderately wounded.
The iguana barely misses you.
A boulder beetle comes into view.
The iguana is struck by your spines. The iguana closely misses you.
You hit the iguana but do no damage.
The iguana is almost dead.
The iguana misses you.
The boulder beetle curls into a ball and begins rolling!
You hit the iguana.
You kill the iguana!
Makhleb accepts your kill.
You see here an iguana corpse.
The boulder beetle hits you!!!
Ouch! That really hurt!
You die...

#.......... #.........###
###............
#..............
.#......°.......
........°.......
....$...○..)#...
.........B†...#..#.
......##.@.........
......##.......... ...
.....#.........## .....
...##......### #......
#.#.......#.### ....#..
#..............
....##.#####..............
#.........##.............#
................!.........


You could see a boulder beetle (rolling).

Vanquished Creatures
  A water moccasin (D:6)
  An orc warrior (D:7)
  An ogre (D:4)
  A necrophage (D:6)
  2 bullfrogs
  2 jellies
  Crazy Yiuf (D:3)
  Terence (D:3)
  An iguana (D:6)
  An orc wizard (D:7)
  4 adders
  A white imp (D:7)
  2 ufetubi (D:6)
  2 dart slugs
  16 orcs
  5 bats
  5 endoplasms
  2 giant cockroaches
  4 hobgoblins
  3 quokkas (D:1)
  3 ball pythons
  A frilled lizard (D:1)
  5 goblins
  6 kobolds
  6 rats
77 creatures vanquished.

Vanquished Creatures (others)
  A fungus (D:1)
1 creature vanquished.

Grand Total: 78 creatures vanquished

Notes
Turn   | Place    | Note
-------+----------+-------------------------------------------
     0 | D:1      | RogueRain17 the Demonspawn Gladiator began the quest for
                  | the Orb.
     0 | D:1      | Reached XP level 1. HP: 16/16 MP: 1/1
    80 | D:1      | Found a faded altar of an unknown god.
   103 | D:1      | Reached skill level 3 in Axes
   252 | D:1      | Gained mutation: You have a pair of small antennae on your
                  | head. [demonic ancestry]
   252 | D:1      | Reached XP level 2. HP: 17/22 MP: 2/2
  1199 | D:2      | Gained mutation: You are partially covered in sharp spines.
                  | [demonic ancestry]
  1199 | D:2      | Reached XP level 3. HP: 15/27 MP: 3/3
  2025 | D:2      | Reached skill level 4 in Axes
  2025 | D:2      | Reached XP level 4. HP: 9/33 MP: 4/4
  2815 | D:3      | Found a runed translucent door.
  2816 | D:3      | Noticed Crazy Yiuf
  2952 | D:3      | Noticed Terence
  2963 | D:3      | Killed Terence
  2964 | D:3      | Reached XP level 5. HP: 38/38 MP: 5/5
  3115 | D:3      | Killed Crazy Yiuf
  3162 | D:4      | Noticed an ogre
  3169 | D:4      | Killed an ogre
  3170 | D:4      | Reached skill level 5 in Axes
  3182 | D:4      | You fall into a shaft and drop 3 floors!
  3223 | D:7      | Gained mutation: Your demonic aura sometimes causes spilled
                  | blood to erupt in flames. [demonic ancestry]
  3223 | D:7      | Reached XP level 6. HP: 34/44 MP: 6/6
  3550 | D:7      | Noticed an orc warrior
  3558 | D:7      | Killed an orc warrior
  3563 | D:7      | Identified the +9 longbow of Disharmony {venom, Fly Int+3}
  3874 | D:7      | Found a staircase to the Ecumenical Temple.
  3892 | Temple   | Entered the Ecumenical Temple
  3892 | Temple   | Found a transporter.
  3892 | Temple   | Found a transporter.
  3894 | Temple   | Found a transporter.
  3894 | Temple   | Found a transporter.
  3913 | Temple   | Became a worshipper of Makhleb the Destroyer
  4005 | D:8      | Noticed Maggie
  4062 | D:8      | Reached skill level 6 in Axes
  4126 | D:6      | Noticed a water moccasin
  4133 | D:6      | Killed a water moccasin
  4134 | D:6      | Reached XP level 7. HP: 27/50 MP: 7/7
  4356 | D:6      | Reached skill level 5 in Dodging
  4440 | D:6      | Reached skill level 7 in Axes
  4475 | D:6      | Noticed a boulder beetle
  4480 | D:6      | Mangled by a boulder beetle

Illustrated notes

Levels and vault maps discovered:
D:1:      amcnicky_arrival_gap_in_the_tavern_cellar, layout_loops_ring,
          dreamdust_ecumenical_altar_grove, minivault_25
D:2:      layout_basic
D:3:      layout_loops_cross, kennysheep_generic_room_10, uniq_terence,
          uniq_crazy_yiuf_cottage
D:4:      layout_loops_cross, uniq_ijyb
D:6:      layout_cave_pools, minitemple, uniq_sigmund
D:7:      layout_loops_ring, minmay_temple_entry_offerings
D:8:      layout_gridville, erik_lair_island, uniq_maggie
Temple:   hellmonk_temple_divided_pantheon

Skill      XL: |  1  2  3  4  5  6  7 |
---------------+----------------------+-----
Axes           | 3 4 5 6 7 |  7.1
Dodging        | 3 4 5 |  5.0
Fighting       | |  2.0
Throwing       | |  1.7

Action                   |  1- 3 |  4- 6 |  7- 9 || total
-------------------------+-------+-------+-------++-------
Melee: War axe           |    68 |    91 |    15 ||   174
       Punch             |       |     1 |       ||     1
Throw: Throwing net      |       |     3 |       ||     3
Evoke: Wand              |       |     3 |       ||     3
  Use: Potion            |     4 |     2 |       ||     6
 Stab: Sleeping          |       |     2 |       ||     2
Armor: Leather armour    |    30 |    26 |     3 ||    59
Dodge: Dodged            |    35 |    41 |     7 ||    83
